Map: Dusk Towers

Players

MINHYEOK

  • Race: Terran Terran
  • League: Diamond

LilDicky - Winner!

  • Race: Terran Terran
  • League: Diamond

VOD

http://www.twitch.tv/tumescentpie

Description

Time

  • Played on: Jan. 1, 2016, 9:39 p.m.
  • Length: 8:04
Show
View Real Time Build Order
Export as new Build Order

MINHYEOK Terran 

Build Orders: 1/1/1, Liberator Opening 

Get SALT Encoding   

  12  0:01  SCV  
  13  0:13  SCV  
  14  0:18  Supply Depot  
  14  0:25  SCV  
  15  0:28  Refinery  
  15  0:40  SCV  
  16  0:44  Barracks  
  16  0:53  SCV  
  17  0:59  Refinery  
  17  1:05  SCV  
  18  1:17  SCV  
  19  1:31  Orbital Command  
  19  1:33  Marine  
  20  1:40  Factory  
  20  1:47  Supply Depot  
  20  1:55  Marine  
  20  2:00  SCV  
  21  2:13  Marine  
  22  2:23  Factory Tech Lab  
  22  2:26  Starport  
  22  2:28  SCV  
  23  2:33  Marine  
  24  2:41  Siege Tank  
  27  2:47  Supply Depot  
  27  2:51  Marine  
  28  2:56  SCV  
  29  3:05  Viking  
  29  3:11  Supply Depot, Marine  
  32  3:18  Liberator  
  32  3:21  Siege Tank  
  32  3:23  SCV  
  36  3:29  Marine  
  40  3:42  Supply Depot  
  40  3:47  Marine  
  41  3:57  Siege Tank  
  44  4:09  Marine  
  45  4:21  Viking  
  47  4:29  Marine  
  47  4:31  Siege Tank  
  51  4:36  SCV  
  52  4:47  Marine  
  48  5:03  Siege Tank  
  48  5:05  Marine  
  46  5:22  Command Center  
  46  5:23  Marine  
  39  5:39  Siege Tank, Medivac  
  39  5:41  Marine  
  41  5:57  Liberator  
  41  5:58  Marine  
  41  6:01  SCV  
  43  6:16  Marine  
  47  6:20  Barracks  
  47  6:34  Cyclone, Engineering Bay, Marine  
  51  6:43  Orbital Command  
  51  6:47  SCV  
  51  6:52  Marine  
  53  7:03  Medivac  
  55  7:09  Barracks Tech Lab  
  55  7:11  Barracks Reactor  
  55  7:16  Missile Turret  
  55  7:29  Marine  
  56  7:33  SCV x2  
  58  7:45  SCV  
Show
View Real Time Build Order
Export as new Build Order

LilDicky Terran - Winner!

Build Orders: Liberator Opening 

Get SALT Encoding   

  12  0:01  SCV  
  13  0:13  SCV  
  14  0:18  Supply Depot  
  14  0:25  SCV  
  15  0:29  Refinery  
  15  0:39  SCV  
  16  0:45  Barracks  
  16  0:51  SCV  
  17  1:03  SCV  
  18  1:17  SCV  
  19  1:29  SCV  
  20  1:35  Marine  
  20  1:38  Supply Depot  
  21  1:41  Orbital Command  
  21  1:42  Refinery  
  21  1:53  Marine  
  22  2:05  Factory  
  22  2:06  SCV  
  23  2:11  Marine  
  24  2:19  SCV  
  25  2:31  SCV, Marine  
  27  2:43  SCV  
  28  2:52  Factory Tech Lab  
  28  2:53  Starport  
  28  3:05  SCV, Marine  
  30  3:15  Liberator  
  30  3:22  SCV  
  31  3:28  Siege Tank, Marine  
  31  3:32  Supply Depot  
  38  3:35  SCV  
  38  3:39  Command Center  
  39  3:42  Supply Depot  
  39  3:52  Supply Depot  
  39  3:53  SCV, Marine  
  41  4:00  Siege Tank  
  41  4:02  Supply Depot  
  44  4:11  Marine  
  45  4:31  Viking  
  47  4:42  SCV  
  48  4:59  SCV  
  49  5:01  Viking  
  49  5:04  Barracks  
  51  5:11  Siege Tank  
  50  5:19  SCV  
  51  5:26  Starport  
  51  5:31  Viking  
  46  5:45  SCV  
  48  5:56  Orbital Command  
  47  6:00  Refinery  
  47  6:01  Supply Depot  
  47  6:02  Siege Tank  
  47  6:03  Refinery  
  50  6:11  Starport Reactor, Starport Tech Lab  
  50  6:14  SCV  
  51  6:25  SCV  
  52  6:26  SCV  
  52  6:30  Command Center  
  53  6:37  SCV  
  53  6:39  Liberator  
  55  6:40  SCV  
  55  6:41  Engineering Bay  
  54  6:49  SCV  
  54  6:51  Siege Tank  
  54  6:52  SCV  
  54  6:53  Banshee  
  62  7:01  SCV  
  66  7:07  Supply Depot  
  66  7:09  Missile Turret  
  66  7:11  Sensor Tower  
  66  7:13  SCV  
  66  7:15  Missile Turret  
  67  7:18  SCV  
  68  7:25  SCV  
  69  7:30  SCV  
  69  7:35  Sensor Tower  
  70  7:43  SCV  
  74  7:53  Sensor Tower  
  74  7:55  Missile Turret  
Tags
 
Add a new tag
Caveats
  • Supply blocks, unpowered buildings, or Contaminate may cause inaccurate times.
  • Supply counts are checked every 10 seconds.